 Dungeon Crawl Stone Soup version 0.31.0-11-ge490571c62 (webtiles) character file.

Game seed: 13075218125440656872

5662 Xavori the Carver (level 11, -3/85 HPs)
             Began as a Djinni Chaos Knight on Jan 30, 2024.
             Was a Plaything of Xom.
             Slain by an orc warrior
             ... wielding a +2 halberd of protection
              (15 damage)
             ... on level 9 of the Dungeon.
             The game lasted 00:11:26 (9984 turns).

Xavori the Carver (Djinni Chaos Knight)             Turns: 9984, Time: 00:11:26

Health: -3/85      AC: 10    Str:  9    XL:     11   Next: 4%
Gold:   502        EV: 15    Int: 14    God:    Xom [.*....] SH:  0 Dex: 17

rFire   + + +        F - +3 scimitar
rCold   x . .        (no shield)
rNeg    . . .        b - +2 leather armour
rPois   ∞            (helmet restricted)
rElec   .            (no cloak)
rCorr   +            G - +0 pair of gloves
SInv    .            (boots unavailable)
Will    +....        H - amulet of regeneration
Stlth   +            v - ring of resist corrosion
HPRegen 1.14/turn    x - ring of protection from fire
MPRegen 0.00/turn

%: infuse magic (-4 HP)
@: flying
A: sickness immunity, fire resistance 2, cold vulnerability 1, float, innate
caster, HP casting, extra vitality 1, horns 1, iridescent scales 1, robust 1,
shaggy fur 1, weak 1, wild magic 1, evolution 1
a: Renounce Religion


You were on level 9 of the Dungeon.
You worshipped Xom.
You were a plaything of Xom.
You visited 1 branch of the dungeon, and saw 9 of its levels.

You collected 502 gold pieces.

Inventory:

Hand Weapons
 a - a +0 falchion of chaos
 F - a +3 scimitar (weapon)
Missiles
 r - a throwing net (quivered)
 C - 6 curare-tipped darts
Armour
 b - a +2 leather armour (worn)
 B - a +2 helmet
 G - a +0 pair of gloves (worn)
Jewellery
 v - a ring of resist corrosion (left hand)
 x - a ring of protection from fire (right hand)
 E - an amulet of faith
 H - an amulet of regeneration (around neck)
Wands
 y - a wand of digging (4)
 J - a wand of polymorph (14)
Scrolls
 c - a scroll of butterflies
 d - 7 scrolls of teleportation
 h - 3 scrolls of poison
 i - 3 scrolls of immolation
 l - a scroll of torment
 n - a scroll of enchant armour {unknown}
 o - 3 scrolls of enchant weapon {unknown}
 q - 2 scrolls of fog
 s - a scroll of amnesia {unknown}
 t - a scroll of summoning {unknown}
 u - a scroll of brand weapon
 A - 2 scrolls of fear
Potions
 e - 9 potions of curing
 f - 2 potions of cancellation {unknown}
 j - 3 potions of magic {unknown}
 k - 3 potions of haste {unknown}
 m - a potion of mutation {unknown}
 p - 3 potions of heal wounds {unknown}
 w - 2 potions of lignification {unknown}
 z - a potion of enlightenment
 D - a potion of attraction {unknown}
 I - a potion of might {unknown}


   Skills:
 + Level 6.5 Fighting
 + Level 9.7 Long Blades
 * Level 6.2 Armour
 + Level 7.4 Dodging
 * Level 4.0 Spellcasting
 * Level 4.0 Conjurations
 * Level 4.0 Hexes
 * Level 4.0 Summonings
 * Level 4.0 Necromancy
 * Level 4.0 Translocations
 * Level 4.0 Fire Magic
 * Level 4.0 Ice Magic
 * Level 4.0 Air Magic
 * Level 4.0 Earth Magic
 * Level 4.0 Alchemy


You knew the following spells:

 Your Spells              Type           Power      Damage    Failure   Level
a - Apportation           Tloc           36%        N/A       8%          1
b - Jinxbite              Hex            36%        N/A       11%         2
c - Dazzling Flash        Conj/Hex       36%        N/A       21%         3
d - Swiftness             Air            18%        N/A       21%         3
e - Yara's Violent Unrav  Hex/Alch       9%         3d6       85%         5
Your spell library was empty.

Dungeon Overview and Level Annotations

Branches:
Dungeon (9/15)             Temple (0/1) D:6
   Lair: D:8-11         Orc: D:9-12

Altars:
Ashenzari
Fedhas
Nemelex Xobeh
Qazlal
Ru
Trog
Wu Jian
Xom
Yredelemnul

Shops:
D:4 [[   D:5 [   D:7 *=


Innate Abilities, Weirdness & Mutations

You are immune to sickness and miasma.
You are immune to poison.
Your flesh is very heat resistant. (rF++)
You are vulnerable to cold. (rC-)
You float through the air rather than walking.
You learn spells naturally, not from books.
Your magical power is your life essence.
You have superior vitality. (+4 MHP)
You have a pair of small horns on your head.
You are partially covered in iridescent scales. (AC +2)
You are robust. (+10% HP)
You are covered in fur. (AC +1)
You are weak. (Str -2)
Your spells are a little harder to cast, but a little more powerful.
You have hidden genetic potential.


Message History

The orc warrior attacks as it pursues you!
The orc warrior misses you. Something barely misses you.
The shadow imp gestures at you.
Something writhes in agony!
Xom titters.
You are confused.
The shadow imp looks rather confused.
Something hits you but does no damage. The orc warrior barely misses you.
The orc warrior attacks as it pursues you!
The orc warrior hits you from afar with a +2 halberd of protection.
Something hits you but does no damage.
The orc warrior hits you from afar with a +2 halberd of protection!
* * * LOW HITPOINT WARNING * * *
You see here 6 stones.
You feel less confused.
The shadow imp seems less confused.
Something closely misses the orc warrior.
It was a potion of curing.
You feel better.
Something hits the orc warrior but does no damage.
The orc warrior hits you from afar with a +2 halberd of protection!
* * * LOW HITPOINT WARNING * * *
The shadow imp puffs mist at you.
The orc warrior attacks as it pursues you!
The orc warrior closely misses you.
Okay, then.
Aiming: Polymorph
Press: ? - help, Shift-Dir - straight line, f - orc warrior
Aim: an orc warrior, wielding a +2 halberd of protection and wearing a +0 chain mail (will become a swamp drake, a black bear, or a ribbon worm, chance to affect: 49%)
The orc warrior resists with some effort.
You feel your willpower return. The orc warrior closely misses you.
The shadow imp gestures at you. Pain shoots through your body!
* * * LOW HITPOINT WARNING * * *
Xom roars with laughter!
Unknown command.
You feel better.
The orc warrior hits you from afar with a +2 halberd of protection!
You die...

.. ..........# #.
...........# #.
...........# #.
..........# #.
..........####.
......#....#....
#........ #..#....
##.@##... ....
#....##..## #...
#..o.###..# #...#
##(.<..##..## .....
##{5.....##††## .....
##.........##..########
.....##
#..###......#.........#
#...)# ##..#
##.............###
#.).####..##
##.........####


You could see an orc warrior and a shadow imp (summoned).

Vanquished Creatures
  A hornet (D:6)
  Sigmund (D:2)
  A wraith (D:9)
  7 yaks
  4 vampire mosquitoes (D:8)
  A water moccasin (D:7)
  4 orc warriors
  2 black bears
  A sky beast (D:8)
  3 ogres
  A centaur (D:8)
  A phantom (D:6)
  A kobold brigand (D:8)
  2 bullfrogs
  2 scorpions
  A gnoll sergeant (D:7)
  11 wights
  10 killer bees
  2 howler monkeys
  A hound (D:5)
  An orc priest (D:7)
  A jelly (D:6)
  2 gnoll boudas
  4 iguanas
  Jessica (D:2)
  2 orc wizards
  Robin (D:2)
  15 gnolls
  6 adders
  2 white imps
  4 ufetubi
  4 ribbon worms
  3 dart slugs
  27 orcs
  A bat (shapeshifter) (D:2)
  9 endoplasms
  4 giant cockroaches
  6 goblins
  16 hobgoblins
  A jackal (D:2)
  16 kobolds
  6 quokkas
  6 ball pythons
  6 bats
  5 frilled lizards
  7 rats
213 creatures vanquished.

Vanquished Creatures (collateral kills)
  2 yaks (D:6)
  A black bear (D:5)
  An ogre (D:5)
  A wight (D:7)
  A hobgoblin (D:4)
6 creatures vanquished.

Vanquished Creatures (others)
  4 goblins (D:2)
  2 hobgoblins (D:2)
  A kobold zombie (D:4)
  5 ballistomycete spores (D:6)
12 creatures vanquished.

Grand Total: 231 creatures vanquished

Notes
Turn   | Place    | Note
-------+----------+-------------------------------------------
     0 | D:1      | Xavori the Djinni Chaos Knight began the quest for the Orb.
     0 | D:1      | Reached XP level 1. HP: 20/20 MP: 0/0
   110 | D:1      | Reached XP level 2. HP: 25/25 MP: 0/0
   229 | D:1      | Reached skill level 3 in Long Blades
   352 | D:1      | Reached XP level 3. HP: 30/30 MP: 0/0
   352 | D:1      | Learned a level 1 spell: Apportation
   720 | D:1      | XOM: silly message
   745 | D:1      | XOM: god gift: scale mail {god gift}
  1195 | D:1      | XOM: give mutations
  1195 | D:1      | Gained mutation: You have a pair of small horns on your
                  | head. [Xom's grace]
  1195 | D:1      | Gained mutation: Your spells are a little harder to cast,
                  | but a little more powerful. [Xom's grace]
  2058 | D:1      | XOM: give mutations
  2058 | D:1      | Gained mutation: You are weak. (Str -2) [Xom's mischief]
  2058 | D:1      | Gained mutation: You are partially covered in iridescent
                  | scales. (AC +2) [Xom's mischief]
  2316 | D:2      | Noticed Sigmund
  2316 | D:2      | a goblin changed into a shapeshifter
  2316 | D:2      | Noticed a shapeshifter (shapeshifter)
  2316 | D:2      | XOM: polymorph goblin -> shapeshifter
  2316 | D:2      | a shapeshifter changed into a gnoll
  2322 | D:2      | XOM: summons friendly shadow imp
  2322 | D:2      | a quokka changed into a killer bee
  2322 | D:2      | Noticed a killer bee (shapeshifter)
  2341 | D:2      | Noticed Robin
  2349 | D:2      | XOM: destruction
  2350 | D:2      | Killed Sigmund
  2351 | D:2      | Reached skill level 1 in Spellcasting
  2351 | D:2      | Reached skill level 1 in Conjurations
  2351 | D:2      | Reached skill level 1 in Hexes
  2351 | D:2      | Reached skill level 1 in Summonings
  2351 | D:2      | Reached skill level 1 in Necromancy
  2351 | D:2      | Reached skill level 1 in Translocations
  2351 | D:2      | Reached skill level 1 in Fire Magic
  2351 | D:2      | Reached skill level 1 in Ice Magic
  2351 | D:2      | Reached skill level 1 in Air Magic
  2351 | D:2      | Reached skill level 1 in Earth Magic
  2351 | D:2      | Reached skill level 1 in Alchemy
  2351 | D:2      | Reached XP level 4. HP: 5/35 MP: 0/0
  2351 | D:2      | Reached XP level 5. HP: 6/40 MP: 0/0
  2351 | D:2      | Learned a level 2 spell: Jinxbite
  2374 | D:1      | XOM: god gift: metallic inky potion {god gift}
  2526 | D:2      | Killed Robin
  2564 | D:2      | XOM: 3-stop teleportation journey
  2600 | D:2      | Found a faded altar of an unknown god.
  2608 | D:2      | Noticed Jessica
  2616 | D:2      | Killed Jessica
  2617 | D:2      | Reached skill level 4 in Long Blades
  2632 | D:2      | Reached XP level 6. HP: 41/46 MP: 0/0
  2771 | D:2      | XOM: blink monster(s)
  2952 | D:2      | XOM: silly message
  3760 | D:3      | Found a faded altar of an unknown god.
  3774 | D:3      | Found a bloodstained altar of Trog.
  3782 | D:3      | XOM: 1-stop teleportation journey
  3965 | D:3      | Found a blossoming altar of Fedhas.
  4026 | D:4      | Found Atova Agax's Armour Emporium.
  4173 | D:4      | XOM: give mutations
  4173 | D:4      | Gained mutation: You are covered in fur. (AC +1) [Xom's
                  | mischief]
  4173 | D:4      | Gained mutation: You are robust. (+10% HP) [Xom's mischief]
  4225 | D:4      | Identified the +4 dagger of Cuadooss {freeze, rN+}
  4278 | D:4      | XOM: summons friendly crimson imp
  4490 | D:4      | Reached XP level 7. HP: 41/57 MP: 0/0
  4490 | D:4      | Learned a level 3 spell: Dazzling Flash
  4627 | D:4      | XOM: blink monster(s)
  4785 | D:4      | Found Benzaiten's Dragon-Slaying Spoils.
  4890 | D:5      | Entered Level 5 of the Dungeon
  5173 | D:5      | Reached skill level 5 in Long Blades
  5173 | D:5      | Found Etirphoa's Antique Armour Shoppe.
  5444 | D:5      | XOM: butterfly on damage
  5632 | D:5      | Found a basalt altar of Yredelemnul.
  5639 | D:5      | XOM: cast spell 'Summon Hydra'
  5644 | D:5      | Reached XP level 8. HP: 63/63 MP: 0/0
  5893 | D:5      | Found a broken altar of Ashenzari.
  5939 | D:6      | Reached skill level 6 in Long Blades
  5948 | D:6      | Noticed a yak
  5948 | D:6      | Noticed a yak
  5949 | D:6      | Noticed a yak
  5949 | D:6      | Noticed a yak
  5955 | D:6      | Found an ornate altar of the Wu Jian Council.
  5955 | D:6      | XOM: 1-stop teleportation journey
  6023 | D:6      | XOM: smoke on damage
  6137 | D:6      | Noticed a yak
  6556 | D:6      | Found a staircase to the Ecumenical Temple.
  6615 | D:6      | Noticed a hornet
  6712 | D:6      | XOM: fog
  6714 | D:6      | XOM: 1-stop teleportation journey
  6723 | D:6      | XOM: cast spell 'Leda's Liquefaction'
  6749 | D:5      | Killed a yak
  6750 | D:5      | Reached XP level 9. HP: 31/70 MP: 0/0
  6750 | D:5      | Learned a level 3 spell: Swiftness
  6924 | D:6      | Reached skill level 7 in Long Blades
  6949 | D:6      | Reached skill level 5 in Fighting
  6949 | D:6      | Reached skill level 5 in Dodging
  7040 | D:6      | XOM: noise
  7058 | D:6      | XOM: god gift: 40 gold pieces
  7110 | D:6      | Killed a hornet
  7231 | D:6      | Found a sacrificial altar of Ru.
  7231 | D:6      | Found a sparkling altar of Nemelex Xobeh.
  7237 | D:6      | Found a stormy altar of Qazlal.
  7493 | D:7      | Reached skill level 8 in Long Blades
  7576 | D:7      | Found Syipy's Jewellery Shoppe.
  7577 | D:7      | You are sucked into a shaft and drop 2 floors!
  7632 | D:9      | XOM: cast spell 'Death Channel'
  7786 | D:8      | Found a shimmering altar of Xom.
  7794 | D:8      | XOM: cast spell 'Death Channel'
  7798 | D:8      | XOM: smoke on damage
  7800 | D:8      | Reached XP level 10. HP: 64/78 MP: 0/0
  7801 | D:8      | XOM: noise
  7802 | D:8      | XOM: polymorph ice beast -> gnoll
  7804 | D:8      | Reached skill level 5 in Armour
  7805 | D:8      | XOM: 1-stop teleportation journey
  7848 | D:7      | XOM: fake destruction
  7853 | D:7      | XOM: give mutations
  7853 | D:7      | Gained mutation: You have hidden genetic potential. [Xom's
                  | grace]
  7858 | D:7      | XOM: scenery: summon butterflies
  8030 | D:7      | XOM: summons friendly quasit
  8060 | D:7      | XOM: cloud trail
  8081 | D:7      | XOM: 3-stop teleportation journey
  8154 | D:7      | XOM: summons 1 hostile demon
  8158 | D:7      | XOM: noise
  8159 | D:7      | XOM: polymorph quasit -> shadow imp
  8171 | D:7      | XOM: summons 5 friendly demons
  8369 | D:7      | Reached skill level 9 in Long Blades
  8471 | D:7      | XOM: cloud trail
  8683 | D:7      | XOM: enchant monster (bad)
  8848 | D:7      | Found Paxatiph's Mail-Order Catalogue.
  8989 | D:7      | XOM: summons 4 hostile demons
  9259 | D:8      | XOM: smoke on damage
  9362 | D:8      | XOM: god gift: scroll labelled JURIKKY FEMOP {god gift}
  9367 | D:8      | XOM: destruction
  9500 | D:8      | XOM: silly message
  9781 | D:8      | XOM: god gift: 6 stones
  9825 | D:9      | XOM: destruction
  9844 | D:9      | Reached XP level 11. HP: 28/85 MP: 0/0
  9844 | D:9      | Learned a level 5 spell: Yara's Violent Unravelling
  9960 | D:9      | XOM: summons 1 hostile demon
  9963 | D:9      | XOM: smoke on damage
  9975 | D:9      | XOM: confusion (+ monsters)
  9983 | D:9      | HP: 1/85 [shadow imp/nerve-wracking pain[Xom] (13)]
  9984 | D:9      | Slain by an orc warrior

Illustrated notes

Levels and vault maps discovered:
D:1:      lightli_arrival_noodles, layout_rooms
D:2:      layout_basic, dreamdust_ecumenical_altar_statues, serial_bayou_pond_e,
          chequers_avenue, minmay_vboxes, uniq_jessica, uniq_robin, uniq_sigmund
D:3:      layout_basic, mainiacjoe_overflow_alcove_4,
          nicolae_overflow_ecumenical_swirl, hangedman_abyss_or_decor_stabs,
          glass_columns_a
D:4:      layout_rooms, serial_shops, nicolae_shop_tiny_waterfront,
          nicolae_shop_dragon_depot
D:5:      layout_basic, nicolae_ashenzari_panopticon,
          mainiacjoe_overflow_tiny_flanked, minmay_misc_feat_ornament,
          nicolae_inconvenience_store
D:6:      layout_cave_pools, mainiacjoe_overflow_concentric_impassable,
          grunt_temple_overflow_cloverleaf, minmay_temple_entry_offerings
D:7:      layout_loops_ring, serial_shops, nicolae_shop_gaudy_bauble,
          monkooky_shop_mail_order
D:8:      layout_gridville, nicolae_overflow_hidden_temple
D:9:      layout_layer_cave

Skill      XL: |  1  2  3  4  5  6  7  8  9 10 |
---------------+-------------------------------+-----
Long Blades    | 3 4 5 6 8 9 |  9.7
Armour         | 2 3 4 6 |  6.2
Spellcasting   | 1 2 3 4 |  4.0
Conjurations   | 1 2 3 4 |  4.0
Hexes          | 1 2 3 4 |  4.0
Summonings     | 1 2 3 4 |  4.0
Necromancy     | 1 2 3 4 |  4.0
Translocations | 1 2 3 4 |  4.0
Fire Magic     | 1 2 3 4 |  4.0
Ice Magic      | 1 2 3 4 |  4.0
Air Magic      | 1 2 3 4 |  4.0
Earth Magic    | 1 2 3 4 |  4.0
Alchemy        | 1 2 3 4 |  4.0
Dodging        | 3 4 6 7 |  7.4
Fighting       | 4 5 6 |  6.5

Action                     |  1- 3 |  4- 6 |  7- 9 | 10-12 || total
---------------------------+-------+-------+-------+-------++-------
  Melee: Falchion          |    72 |   223 |   270 |   110 ||   675
         Punch             |     1 |     6 |     8 |     2 ||    17
         Headbutt          |     2 |    34 |    62 |    49 ||   147
         Scimitar          |       |       |       |   156 ||   156
   Cast: Jinxbite          |       |       |     4 |     6 ||    10
  Evoke: Wand              |       |       |       |     1 ||     1
    Use: Potion            |       |     1 |       |     2 ||     3
         Scroll            |       |     1 |     3 |     5 ||     9
   Stab: Sleeping          |     1 |     1 |       |       ||     2
         Distracted        |       |     1 |     1 |       ||     2
         Paralysed         |       |     1 |     2 |       ||     3
         Petrified         |       |       |     2 |       ||     2
         Confused          |       |       |     1 |       ||     1
         Petrifying        |       |       |       |     1 ||     1
 Armour: Leather armour    |    41 |   111 |   168 |   147 ||   467
  Dodge: Dodged            |    50 |   151 |   195 |   223 ||   619
